 Dungeon Crawl Stone Soup version 0.23.2-33-g5129a83184 (webtiles) character file.

Game seed: 10260086107660388000

126 Gwenloh the Ruffian (level 5, -2/44 HPs)
             Began as a Naga Transmuter on July 19, 2019.
             Slain by an orc priest
             ... wielding a cursed +0 morningstar
              (6 damage)
             ... on level 3 of the Dungeon.
             The game lasted 00:12:19 (3055 turns).

Gwenloh the Ruffian (Naga Transmuter)               Turns: 3055, Time: 00:12:19

Health: -2/44      AC:  3    Str: 13    XL:     5   Next: 9%
Magic:  5/8        EV:  9    Int: 19    God:
Gold:   91         SH:  0    Dex: 11    Spells: 2/8 levels left

rFire    . . .     SeeInvis +     - Unarmed
rCold    . . .     Gourm    .   (no shield)
rNeg     . . .     Faith    .   b - +0 robe
rPois    +         Spirit   .   (no helmet)
rElec    .         Reflect  .   (no cloak)
rCorr    .         Harm     .   k - +0 pair of gloves
MR       .....                  (no barding)
Stlth    ..........             (no amulet)
HPRegen  0.14/turn              f - +5 ring of intelligence
MPRegen  0.11/turn              g - ring of attention (curse)

@: heavily drained, invisible, very slow
A: large, see invisible, deformed body, poison resistance, slowness 2, slow
metabolism 1, spit poison 1, AC +1
a: Spit Poison


You were on level 3 of the Dungeon.
You were hungry.

You visited 1 branch of the dungeon, and saw 3 of its levels.

You collected 91 gold pieces.

Inventory:

Missiles
 a - 25 arrows
 h - 59 stones (quivered)
 r - 23 sling bullets
Armour
 b - a +0 robe (worn)
 k - a +0 pair of gloves (worn)
 o - a +0 helmet
 p - a +0 leather armour
Jewellery
 f - a +5 ring of intelligence (left hand)
 g - a cursed ring of attention (right hand)
Scrolls
 j - a scroll of identify
Potions
 e - 3 potions of curing
 l - a potion of flight
 m - a potion of mutation
Comestibles
 d - 2 rations
 n - 4 chunks of flesh


   Skills:
 - Level 1.0(0.0) Fighting
 + Level 2.1(0.6) Dodging
 * Level 4.1(2.5) Unarmed Combat
 - Level 2.0(0.4) Spellcasting
 * Level 3.4(1.8) Transmutations
 + Level 1.7(0.1) Poison Magic


You had 2 spell levels left.
You knew the following spells:

 Your Spells              Type           Power        Failure   Level  Hunger
a - Beastly Appendage     Tmut           #.....       10%         1    ##.....
b - Sticks to Snakes      Tmut           #.......     14%         2    ###....
c - Spider Form           Tmut/Pois      #.........   36%         3    ####...

Your spell library contained the following spells:

 Spells                   Type           Power        Failure   Level  Hunger
 Magic Dart               Conj           #...         21%         1    ##.....
 Searing Ray              Conj           #.....       30%         2    ###....
 Dazzling Spray           Conj/Hex       #.....       52%         3    ####...
 Ice Form                 Ice/Tmut       #.......     80%         4    #####..
 Force Lance              Conj/Tloc      #.......     89%         4    #####..
 Fulminant Prism          Conj/Hex       #.........   89%         4    #####..
 Iskenderun's Mystic Bla  Conj           #.......     89%         4    #####..
 Blade Hands              Tmut           #.........   95%         5    ######.


Dungeon Overview and Level Annotations

Branches:
Dungeon (3/15)

Altars:
Sif Muna


Innate Abilities, Weirdness & Mutations

You cannot wear boots.
Your serpentine skin is tough. (AC +1)
You have supernaturally acute eyesight. (SInv)
Armour fits poorly on your strangely shaped body.
Your system is resistant to poisons. (rPois)
You cover ground very slowly.
You have a slow metabolism.
You can spit poison.


Message History

The orc priest hits you with a cursed +0 morningstar.
Your adder closely misses the orc priest.
The orc hits you with a +0 club.
You hit the orc.
The orc is severely wounded.
Your adder bites the orc priest but does no damage.
The orc priest invokes the aid of Beogh against you.
Beogh smites you!
* * * LOW HITPOINT WARNING * * *
The orc priest looks satisfied for a moment.
The orc hits you with a +0 club.
* * * LOW HITPOINT WARNING * * *
Eat one of 4 chunks of flesh? (ye/n/q)
Okay, then.
Okay, then.
You fade into invisibility!
Your adder bites the orc priest.
The orc priest hits you with a +0 club.
* * * LOW HITPOINT WARNING * * *
The orc priest hits you with a cursed +0 morningstar.
You die...

.รท....####.##.# #..........#
#................#..#.#####.#
............####.#..#.# #.#
#..#..####..# #.#..#.# #.#
#..#..# #..# #.#..#.#####.#
[....># #..# #.#..........#
#.##..# #..# #S#.##..######
#.##..# ##..####S#.##..#
......# #......o@o..#..#
......# #...####o#..#..#
#.#...###...## #.#..#..#
#.#..........###.#..#..#
.................#..#..#
........#...###..#..#
.................#..#
......###........#..# ..# ..
#.#.......


You could see 2 orc priests, an orc, a friendly adder and a friendly ball
python.

Vanquished Creatures
  4 adders (D:2)
  An ooze (D:1)
  2 worms
  2 dart slugs
  3 leopard geckos
  3 orcs (D:3)
  2 bats (D:1)
  3 giant cockroaches (D:1)
  11 goblins
  7 hobgoblins
  7 jackals
  3 frilled lizards
  4 kobolds
  6 rats
58 creatures vanquished.

Vanquished Creatures (collateral kills)
  An adder (D:2)
  A worm (D:3)
  A leopard gecko (D:3)
  An orc (D:3)
  2 hobgoblins
  2 goblins (D:3)
8 creatures vanquished.

Grand Total: 66 creatures vanquished

Notes
Turn   | Place    | Note
-------+----------+-------------------------------------------
     0 | D:1      | Gwenloh the Naga Transmuter began the quest for the Orb.
     0 | D:1      | Reached XP level 1. HP: 18/18 MP: 3/3
    50 | D:1      | Reached XP level 2. HP: 7/25 MP: 3/5
   888 | D:1      | Reached XP level 3. HP: 31/31 MP: 4/6
   892 | D:1      | Learned a level 2 spell: Sticks to Snakes
   896 | D:1      | Learned a level 3 spell: Spider Form
  1727 | D:2      | Reached skill level 1 in Poison Magic
  1809 | D:2      | Reached XP level 4. HP: 32/38 MP: 3/7
  2706 | D:3      | Reached skill level 4 in Unarmed Combat
  2803 | D:3      | Reached XP level 5. HP: 35/44 MP: 6/8
  2808 | D:3      | Found a deep blue altar of Sif Muna.
  3055 | D:3      | Slain by an orc priest

Skill      XL: |  1  2  3  4 |
---------------+-------------+-----
Dodging        | 2 |  2.1
Poison Magic   | 1 |  1.7
Transmutations | 3 |  3.4
Unarmed Combat | 4 |  4.1
Fighting       | |  1.0
Spellcasting   | |  2.0

Action                   |  1- 3 |  4- 6 || total
-------------------------+-------+-------++-------
Melee: Unarmed           |   104 |   103 ||   207
       Headbutt          |    11 |    15 ||    26
       Punch             |       |     1 ||     1
 Cast: Beastly Appendage |    22 |    17 ||    39
       Sticks to Snakes  |     3 |     9 ||    12
 Abil: Spit Poison       |       |     1 ||     1
  Use: Scroll            |     2 |     5 ||     7
       Potion            |       |     1 ||     1
 Stab: Distracted        |     1 |     1 ||     2
       Sleeping          |     1 |       ||     1
  Eat: Chunk             |     2 |     4 ||     6
Armor: Robe              |    19 |    21 ||    40
Dodge: Dodged            |    47 |    40 ||    87
